[Event "Late-Titled-Tuesday-Blitz-May-07-2024"]
[Site "Chess.com"]
[Date "2024.05.07"]
[Round "11"]
[White "maximnovik"]
[Black "andrew-blr"]
[Result "1-0"]
[WhiteElo "2506"]
[BlackElo "2591"]
[TimeControl "180+1"]
[EndTime "16:03:18 PDT"]
[Termination "maximnovik won by resignation"]

1. e4 c5 2. Nf3 e6 3. c3 d5 4. e5 Nc6 5. d4 f6 6. Bb5 Qb6 7.
Bxc6+ bxc6 8. O-O Bd7 9. Re1 Ne7 10. dxc5 Qxc5 11. Nbd2 Nf5 12. Nb3 Qb6 13. exf6 gxf6 14. Nfd4 Nxd4 15. Qh5+ Kd8 16. cxd4 a5 17. Qf7 Be7 18. Bh6 Re8 19. Bg7 a4 20. Nc5 Bxc5 21.
dxc5 Qxc5 22. Bxf6+ Kc7 23. Rac1 Qf8 24. Be5+ Kc8 25.
Rxc6+ 1-0

[Event "Late-Titled-Tuesday-Blitz-May-07-2024"]
[Site "Chess.com"]
[Date "2024.05.07"]
[Round "11"]
[White "howitzer14"]
[Black "finec2"]
[Result "1-0"]
[WhiteElo "3015"]
[BlackElo "2303"]
[TimeControl "180+1"]
[EndTime "16:03:48 PDT"]
[Termination "howitzer14 won by resignation"]

1. c4 Nf6 2. Nc3 g6 3. e4 d6 4. d4 Bg7 5. h3 O-O 6. Bg5 h6 7. Be3 Na6 8. Nf3 e6 9. Be2 c5 10. O-O Re8 11. Qd2 Kh7 12. Rad1 Qa5 13. a3 Nb8 14.
Nb5 Qxd2 15. Nxd2 Na6 16. Nxd6 Re7 17. dxc5 Bd7 18. e5 Ne8 19. f4 Bc6 20. b4 1-0

[Event "Late-Titled-Tuesday-Blitz-May-07-2024"]
[Site "Chess.com"]
[Date "2024.05.07"]
[Round "11"]
[White "ZachHKL"]
[Black "martinmena"]
[Result "1-0"]
[WhiteElo "2316"]
[BlackElo "2123"]
[TimeControl "180+1"]
[EndTime "16:03:48 PDT"]
[Termination "ZachHKL won by checkmate"]

1. e4 c6 2. d4 d5 3. e5 Bf5 4. g4 Bd7 5. Be3 h5 6. gxh5 Bf5 7. Bd3 Bxd3 8. Qxd3 e6 9. Qe2 Be7 10.
Qg4 Kf8 11. Nf3 Nh6 12. Bxh6 Rxh6 13. Rg1 g6 14. Qf4 Rxh5 15. Rxg6 Qb6 16. Nbd2 Rf5 17. Qh6+ Ke8 18. Rg8+ Kd7 19. O-O-O Qa6 20. Kb1 Ba3 21. bxa3 Qxa3 22. Qf8 Qxf8 23. Rxf8 a5 24. Rg1 Ke7 25. Rgg8 Ra6 26. Rxb8 Rb6+ 27. Kc1 f6 28. Rg7# 1-0

[Event "Late-Titled-Tuesday-Blitz-May-07-2024"]
[Site "Chess.com"]
[Date "2024.05.07"]
[Round "11"]
[White "maurovargas01"]
[Black "Arteler"]
[Result "1-0"]
[WhiteElo "1965"]
[BlackElo "2223"]
[TimeControl "180+1"]
[EndTime "16:04:03 PDT"]
[Termination "maurovargas01 won by resignation"]

1. e4 e6 2. Nc3 d5 3. e5 c5 4. f4 Nc6 5. Nf3 Qb6 6. Bb5 a6 7. Bxc6+ Qxc6 8. d3 Ne7 9. O-O Nf5 10. Qe1 c4 11. Ne2 Bc5+ 12. Kh1 cxd3 13. cxd3 Be3 14. g4 Bxc1 15. Qxc1 Ne7 16. Qd2 O-O 17. Rac1 Qb6 18. b3 Nc6 19. Ng5 h6 20. Nf3 Bd7 21. Ng3 Rac8 22.
g5 hxg5 23. Nxg5 Ne7 24. Qe2 g6 25. Qg4 Rxc1 26. Rxc1 Bc6 27. Rxc6 d4 28. Rxb6 1-0

[Event "Late-Titled-Tuesday-Blitz-May-07-2024"]
[Site "Chess.com"]
[Date "2024.05.07"]
[Round "11"]
[White "imdvb6307"]
[Black "Stanbad1"]
[Result "1-0"]
[WhiteElo "2521"]
[BlackElo "2606"]
[TimeControl "180+1"]
[EndTime "16:04:10 PDT"]
[Termination "imdvb6307 won by resignation"]

1. d4 Nf6 2. Nf3 g6 3. c4 c5 4. Nc3 Bg7 5. e4 cxd4 6. Nxd4 d6 7. f3 O-O 8. Be3 Nc6 9. Qd2 Bd7 10. Be2 Rc8 11. O-O a6 12. Rfd1 Ne8 13. Rac1 Nc7 14. Nb3 Ne6 15. Nd5 Ne5 16. f4 Nc6 17. f5 Nc5 18. Nxc5 dxc5 19. fxg6 hxg6 20. Bxc5 Re8 21. Bb6 Bd4+ 22. Bxd4 Be6 23. Bb6 Qd6 24. Nf6+ Kg7 25.
Nxe8+ Rxe8 26. Qxd6 exd6 27. Rxd6 Ne5 28. Bd4 f6 29.
Bxe5 fxe5 30. c5 1-0

[Event "Late-Titled-Tuesday-Blitz-May-07-2024"]
[Site "Chess.com"]
[Date "2024.05.07"]
[Round "11"]
[White "betta2004"]
[Black "yaguigor"]
[Result "1-0"]
[WhiteElo "2497"]
[BlackElo "2577"]
[TimeControl "180+1"]
[EndTime "16:04:15 PDT"]
[Termination "betta2004 won by resignation"]

1. Nf3 d5 2. e3 Nf6 3. b3 c6 4. Bb2 Bg4 5. Be2 e6 6. Ne5 Bxe2 7. Qxe2 Nbd7 8. f4 Be7 9. O-O O-O 10. d3 Nxe5 11. fxe5 Nd7 12. Nd2 f5 13. e4 Qb6+ 14. Kh1 fxe4 15. dxe4 Rxf1+ 16. Rxf1 Rf8 17. Rxf8+ Nxf8 18. exd5 cxd5 19. Nf3 a6 20. c4 Qc6 21. cxd5 Qxd5 22.
h3 Ng6 23. Qc2 h6 24. Qxg6 Kf8 25. Qc2 Kf7 26. Qf2 Kg8 27. Qd4 Qc6 28. Qc4 Qd7 29.
Nd4 Kf7 30. Nf5 Bf8 31. Kh2 h5 32. Nd4 g6 33. Qf1+ 1-0

[Event "Late-Titled-Tuesday-Blitz-May-07-2024"]
[Site "Chess.com"]
[Date "2024.05.07"]
[Round "11"]
[White "HaryKane"]
[Black "Denisenko_Denis"]
[Result "1/2-1/2"]
[WhiteElo "2537"]
[BlackElo "2423"]
[TimeControl "180+1"]
[EndTime "16:04:26 PDT"]
[Termination "Game drawn by repetition"]

1. e4 e5 2. Nf3 Nf6 3. Nc3 Nc6 4. Bd3 Bc5 5. O-O O-O 6. h3 d6 7. Re1 h6 8. Na4 Bb6 9. Nxb6 axb6 10. c3 Re8 11. Bf1 d5 12. exd5 Qxd5 13. d4 exd4 14. Rxe8+ Nxe8 15. cxd4 Rxa2 16. Rxa2 Qxa2 17. Ne5 Be6 18.
Qf3 Qd5 19. Qxd5 Bxd5 20. Nxc6 bxc6 21. f3 Nd6 22. Bf4 Kf8 23. Kf2 Ke7 24. Ke3 Kd7 25. g4 g5 26. Be5 Bc4 27. Bxd6 Bxf1 28. Bf8 Bxh3 29. Bxh6 f6 30. f4 Bxg4 31. fxg5 fxg5 32. Bxg5 Kd6 33. Bf4+ Kd7 34. Kd3 c5 35. dxc5 bxc5 36.
Kc4 Kc6 37. Kc3 Be6 38. b4 c4 39. Be3 Kb5 40. Bc5 c6 41. Bg1 Bd5 42. Bc5 Ka4 43. Bg1 Kb5 44. Bc5 Ka4 45. Bg1 Kb5 1/2-1/2

[Event "Late-Titled-Tuesday-Blitz-May-07-2024"]
[Site "Chess.com"]
[Date "2024.05.07"]
[Round "11"]
[White "Nicolik"]
[Black "IlanSchnaider"]
[Result "1-0"]
[WhiteElo "2536"]
[BlackElo "2708"]
[TimeControl "180+1"]
[EndTime "16:04:32 PDT"]
[Termination "Nicolik won by checkmate"]

1. d4 Nf6 2. Nc3 d5 3. Bf4 c5 4. e4 Nxe4 5. Nxe4 dxe4 6. dxc5 Nd7 7. Qd4 e5 8. Qxe4 Bxc5 9. O-O-O O-O 10. Be3 Qa5 11. Bc4 Bxe3+ 12. Qxe3 Nb6 13. Bb3 Bf5 14. Nf3 Rac8 15. Qxe5 Rc5 16. Qe2 Bxc2 17. Bxc2 Qxa2 18. Qd3 Nc4 19. Qxh7# 1-0

[Event "Late-Titled-Tuesday-Blitz-May-07-2024"]
[Site "Chess.com"]
[Date "2024.05.07"]
[Round "11"]
[White "Licancabur"]
[Black "manitodeplomo"]
[Result "1-0"]
[WhiteElo "2503"]
[BlackElo "2581"]
[TimeControl "180+1"]
[EndTime "16:04:45 PDT"]
[Termination "Licancabur won by checkmate"]

1. d4 c5 2. d5 g6 3. Nc3 Bg7 4. e4 d6 5. Nf3 Nf6 6. Be2 O-O 7.
O-O Na6 8. Nd2 Nc7 9. a4 b6 10.
Nc4 Ba6 11. Bg5 h6 12. Bh4 Bxc4 13. Bxc4 a6 14. f4 Nd7 15. e5 dxe5 16. d6 exf4 17.
dxe7 Qc8 18. exf8=Q+ Nxf8 19. Rxf4 Nce6 20. Re4 Nd4 21.
Qf1 Nf5 22. g4 Nd6 23. Bd5 Nxe4 24. Qxf7+ Kh7 25. Qg8# 1-0

[Event "Late-Titled-Tuesday-Blitz-May-07-2024"]
[Site "Chess.com"]
[Date "2024.05.07"]
[Round "11"]
[White "Gareth-Bale11"]
[Black "GoltsevDmitry2000"]
[Result "0-1"]
[WhiteElo "2881"]
[BlackElo "2756"]
[TimeControl "180+1"]
[EndTime "16:04:46 PDT"]
[Termination "GoltsevDmitry2000 won by resignation"]

1. d4 e6 2. e4 d5 3. Nc3 c5 4.
exd5 exd5 5. Bb5+ Nc6 6. Nf3 Nf6 7. O-O Be7 8. dxc5 Bxc5 9. Re1+ Be6 10. Na4 Bd6 11.
Bg5 O-O 12. Nc3 Bc5 13. Qd2 a6 14. Bxc6 bxc6 15. Nd4 Bd7 16. Na4 Ba7 17. b4 h6 18.
Bxf6 Qxf6 19. Nc5 Bc8 20. c3 Qd6 21. Nd3 a5 22. a3 Ba6 23. Nf5 Qf6 24. Ng3 Bxd3 0-1

[Event "Late-Titled-Tuesday-Blitz-May-07-2024"]
[Site "Chess.com"]
[Date "2024.05.07"]
[Round "11"]
[White "Andrii_Prydun"]
[Black "PhileKhoob"]
[Result "1-0"]
[WhiteElo "2417"]
[BlackElo "2334"]
[TimeControl "180+1"]
[EndTime "16:04:46 PDT"]
[Termination "Andrii_Prydun won by resignation"]

1. e4 c6 2. d4 d5 3. e5 Bf5 4. Bd3 Bxd3 5. cxd3 e6 6. Nc3 c5 7. dxc5 Bxc5 8. d4 Bb4 9. Qg4 Ne7 10. Qxg7 Rg8 11. Qxh7 Rxg2 12. Ne2 Rg8 13. h4 Nbc6 14. Bg5 Qa5 15. Rh3 Kd7 16. Rf3 Raf8 17. Rxf7 Rxf7 18.
Qxf7 Re8 19. Kf1 Qd8 20. Nf4 Nxd4 21. Ncxd5 Rf8 22. Nf6+ Kc8 23. Rc1+ Kb8 24. Nxe6 1-0

[Event "Late-Titled-Tuesday-Blitz-May-07-2024"]
[Site "Chess.com"]
[Date "2024.05.07"]
[Round "11"]
[White "giomar27"]
[Black "robertoalejandro10"]
[Result "0-1"]
[WhiteElo "2459"]
[BlackElo "2513"]
[TimeControl "180+1"]
[EndTime "16:04:47 PDT"]
[Termination "robertoalejandro10 won by resignation"]

1. f3 Nf6 2. Nh3 g6 3. Nf2 Bg7 4. g3 O-O 5. Bg2 c5 6. O-O Nc6 7. d3 b6 8. Nc3 Bb7 9. e4 e6 10. Be3 d5 11. Ne2 dxe4 12. fxe4 Rc8 13. Qd2 Nd4 14. Bg5 h6 15. Bxf6 Nxe2+ 16. Qxe2 Bxf6 17. e5 Bxg2 18. Kxg2 Qd5+ 19. Ne4 Bxe5 20. Qg4 f5 21. Qxg6+ Bg7 22. c4 Qc6 23. Kg1 fxe4 24. dxe4 Qd6 25. Rad1 Qe5 26. Rd7 Rxf1+ 27. Kxf1 Rf8+ 28. Kg1 Qf6 29. Qxf6 Bxf6 30. Rxa7 Bxb2 31. Rb7 Bd4+ 32. Kg2 Rf2+ 33.
Kh3 Rxa2 34. Rxb6 Kf7 35. Rb7+ Kg6 36. Re7 e5 37. Re6+ Kg7 38. g4 Re2 39. Kg3 Rxe4 40. h4 Re3+ 41. Kg2 Rc3 42. h5 Rxc4 43. Kf3 Bb2 44.
Ke3 0-1

[Event "Late-Titled-Tuesday-Blitz-May-07-2024"]
[Site "Chess.com"]
[Date "2024.05.07"]
[Round "11"]
[White "Iball95"]
[Black "MITerryble"]
[Result "1-0"]
[WhiteElo "2923"]
[BlackElo "3016"]
[TimeControl "180+1"]
[EndTime "16:04:49 PDT"]
[Termination "Iball95 won by resignation"]

1. e4 e6 2. d4 d5 3. Nc3 Nf6 4. Bd3 c5 5. Nf3 cxd4 6. Nxd4 Nc6 7. Bb5 Bd7 8. exd5 exd5 9. O-O Be7 10. Be2 O-O 11. Bf3 Be6 12. Re1 Qd7 13. Bg5 Rad8 14. a3 h6 15. Bh4 g5 16. Bg3 Bc5 17. Nb3 Be7 18. Qd2 d4 19. Ne4 Nxe4 20. Bxe4 d3 21.
Rad1 dxc2 22. Qxc2 Qc8 23. Nc5 Nd4 24. Bh7+ Kg7 25. Be5+ Bf6 26. Bxf6+ Kxf6 27. Qc3 b6 28. Rxd4 Qxc5 29. Rc4+ Ke7 30. Rxc5 bxc5 31. Qxc5+ Rd6 32. Qxa7+ Rd7 33. Qc5+ Rd6 34. Bf5 Rc8 35. Qxc8 1-0

[Event "Late-Titled-Tuesday-Blitz-May-07-2024"]
[Site "Chess.com"]
[Date "2024.05.07"]
[Round "11"]
[White "AlexeiShirov"]
[Black "FabianoCaruana"]
[Result "1-0"]
[WhiteElo "2916"]
[BlackElo "3054"]
[TimeControl "180+1"]
[EndTime "16:05:01 PDT"]
[Termination "AlexeiShirov won by resignation"]

1. e4 c5 2. Nf3 e6 3. d4 cxd4 4. Nxd4 a6 5. c4 Nf6 6. Nc3 Qc7 7. a3 b6 8. Be3 Bb7 9. f3 Nc6 10. Rc1 Be7 11. Na4 Nxd4 12. Qxd4 Bc6 13. Nxb6 Rb8 14. c5 a5 15. Be2 O-O 16. O-O Rfd8 17. b4 axb4 18. axb4 d6 19. Qc3 dxc5 20. bxc5 Nh5 21.
Rfd1 Nf4 22. Bf1 h5 23. Nc4 Bg5 24. g3 Bf6 25. Qa5 Qxa5 26. Nxa5 Rxd1 27. Rxd1 Ba4 28. Bxf4 Ra8 29. Rc1 Bd4+ 30. Kg2 e5 31. Bd2 1-0

[Event "Late-Titled-Tuesday-Blitz-May-07-2024"]
[Site "Chess.com"]
[Date "2024.05.07"]
[Round "11"]
[White "karinachess1"]
[Black "Smiechu"]
[Result "0-1"]
[WhiteElo "2586"]
[BlackElo "2481"]
[TimeControl "180+1"]
[EndTime "16:05:02 PDT"]
[Termination "Smiechu won by checkmate"]

1. d4 Nf6 2. c4 c5 3. d5 e6 4. Nc3 exd5 5. cxd5 d6 6. e4 g6 7. Nf3 Bg7 8. Be2 O-O 9. O-O Re8 10. Nd2 Nbd7 11. Re1 a6 12. a4 Ne5 13. h3 g5 14. Nc4 Nxc4 15. Bxc4 g4 16. h4 Rb8 17. g3 Bd7 18. a5 Qe7 19. Bg5 h6 20. Bf4 Nh5 21.
Be3 Be5 22. Bxh6 Nxg3 23. fxg3 Bxg3 24. Re2 Qxh4 25. Qd2 Re5 26. Bf4 Rh5 27. Bxg3 Qh1+ 28. Kf2 Qf3+ 29. Ke1 Rh1# 0-1

[Event "Late-Titled-Tuesday-Blitz-May-07-2024"]
[Site "Chess.com"]
[Date "2024.05.07"]
[Round "11"]
[White "FairChess_on_YouTube"]
[Black "LiemLe"]
[Result "1-0"]
[WhiteElo "3079"]
[BlackElo "3052"]
[TimeControl "180+1"]
[EndTime "16:05:11 PDT"]
[Termination "FairChess_on_YouTube won by resignation"]

1. d4 Nf6 2. c4 g6 3. Nc3 d5 4.
cxd5 Nxd5 5. e4 Nxc3 6. bxc3 Bg7 7. Be3 c5 8. Qd2 Qa5 9. Nf3 O-O 10. Rc1 cxd4 11.
cxd4 Qxd2+ 12. Kxd2 Rd8 13. Bb5 a6 14. Ba4 b5 15.
Bb3 a5 16. Bd5 Ra7 17. Bf4 Na6 18. Ne5 Bxe5 19. Bxe5 Nb4 20. Bc7 Rxd5 21. exd5 Nxd5 22. Bb8 Rb7 23. Rxc8+ Kg7 24. Rhc1 b4 25. Rd8 Nc3 26. Rxc3 bxc3+ 27. Kxc3 a4 28. Bg3 Rb1 29. Ra8 Ra1 30.
Rxa4 1-0

[Event "Late-Titled-Tuesday-Blitz-May-07-2024"]
[Site "Chess.com"]
[Date "2024.05.07"]
[Round "11"]
[White "Reyson01"]
[Black "Oleg_Papayan"]
[Result "0-1"]
[WhiteElo "2517"]
[BlackElo "2641"]
[TimeControl "180+1"]
[EndTime "16:05:18 PDT"]
[Termination "Oleg_Papayan won by resignation"]

1. e4 d5 2. exd5 Qxd5 3. Nc3 Qd8 4. Bc4 c6 5. Nf3 Bf5 6. O-O e6 7. d4 Be7 8. Bf4 Nf6 9. a4 a5 10. Nh4 Bg4 11. f3 Bh5 12. g4 Bg6 13. Nxg6 hxg6 14. Ne2 Qb6 15. c3 Nd5 16. Bxd5 cxd5 17. Qd2 Nd7 18.
Nc1 Bd6 19. Nd3 Rc8 20. Bxd6 Qxd6 21. Qf4 Qxf4 22. Nxf4 Ke7 23. Rfe1 Kd6 24. Kg2 Rc6 25. Nd3 g5 26. Ra3 Rb6 27. b4 axb4 28. cxb4 Rc6 29.
Nc5 b6 30. b5 Rc7 31. Nxd7 Rc2+ 32. Kg3 Rcxh2 0-1

[Event "Late-Titled-Tuesday-Blitz-May-07-2024"]
[Site "Chess.com"]
[Date "2024.05.07"]
[Round "11"]
[White "Axf7"]
[Black "Pidzsy"]
[Result "1-0"]
[WhiteElo "2111"]
[BlackElo "2578"]
[TimeControl "180+1"]
[EndTime "16:05:23 PDT"]
[Termination "Axf7 won by checkmate"]

1. e4 g6 2. d4 Bg7 3. Nc3 d6 4. f4 e6 5. Nf3 Ne7 6. Be3 d5 7. e5 b6 8. Qd2 Ba6 9. Bxa6 Nxa6 10. O-O-O c5 11. g4 c4 12. Nb5 Nc8 13. f5 Qd7 14. a4 Nc7 15. Nxc7+ Qxc7 16. fxe6 fxe6 17. Ng5 Qd7 18. Rdf1 h6 19. Nf7 Rf8 20. Nxh6 Qxa4 21. Rxf8+ Bxf8 22. Kb1 Ne7 23. Rf1 O-O-O 24. Nf7 Nc6 25.
c3 Re8 26. Bh6 Bxh6 27. Nd6+ Kb8 28. Qxh6 Rd8 29. Qg7 Na5 30. Qe7 Qd7 31. Qxd7 Rxd7 32. Rf8+ Kc7 33. Rc8# 1-0

[Event "Late-Titled-Tuesday-Blitz-May-07-2024"]
[Site "Chess.com"]
[Date "2024.05.07"]
[Round "11"]
[White "SoCalJuniorChess"]
[Black "ab-lsv"]
[Result "0-1"]
[WhiteElo "2187"]
[BlackElo "2362"]
[TimeControl "180+1"]
[EndTime "16:05:35 PDT"]
[Termination "ab-lsv won by resignation"]

1. d4 d5 2. Nc3 c6 3. Bf4 Nf6 4. e3 b5 5. Nf3 Bg4 6. h3 Bxf3 7. Qxf3 e6 8. a3 Qa5 9. Be2 b4 10. axb4 Qxa1+ 11. Bd1 Qxb2 12. e4 Bxb4 13. Bd2 dxe4 14. Qg3 O-O 15. O-O Nbd7 16. Be2 Qxc2 17. Rd1 g6 18. Bh6 Qxc3 19. Qh4 Qc2 20. Bxf8 Bxf8 21. g4 Qxe2 0-1

[Event "Late-Titled-Tuesday-Blitz-May-07-2024"]
[Site "Chess.com"]
[Date "2024.05.07"]
[Round "11"]
[White "Hilary46"]
[Black "Flaccidmoves"]
[Result "1-0"]
[WhiteElo "2677"]
[BlackElo "2374"]
[TimeControl "180+1"]
[EndTime "16:05:37 PDT"]
[Termination "Hilary46 won by resignation"]

1. e4 c5 2. Nf3 g6 3. d4 cxd4 4. Nxd4 Nf6 5. Nc3 Bg7 6. e5 Ng8 7. Bf4 Nc6 8. Nxc6 bxc6 9. Bc4 f6 10. Qe2 fxe5 11. Bxe5 Nf6 12. O-O-O e6 13. Bd6 Kf7 14. Rhe1 Re8 15. g4 Bb7 16. h4 Nd5 17. Ne4 Qb6 18. Bb3 Kg8 19. h5 a5 20. Bc5 Qb5 21.
Qxb5 cxb5 22. Nd6 Bc6 23. Nxe8 Rxe8 24. Bxd5 Rc8 25. Bxc6 Rxc6 26. Bd4 Bh6+ 27. Kb1 gxh5 28. gxh5 Kf7 29. Be3 Bg7 30. Rxd7+ 1-0

[Event "Late-Titled-Tuesday-Blitz-May-07-2024"]
[Site "Chess.com"]
[Date "2024.05.07"]
[Round "11"]
[White "Zampronha1971"]
[Black "realburq"]
[Result "0-1"]
[WhiteElo "2438"]
[BlackElo "2366"]
[TimeControl "180+1"]
[EndTime "16:05:37 PDT"]
[Termination "realburq won by checkmate"]

1. e4 c5 2. Nf3 Nc6 3. d4 cxd4 4. Nxd4 e5 5. Nb5 d6 6. N1c3 a6 7. Na3 Be6 8. Nd5 Nf6 9. Nxf6+ Qxf6 10. Nc4 Rd8 11.
Ne3 g6 12. Bd3 Bg7 13. O-O O-O 14. c3 d5 15. exd5 Bxd5 16. Nxd5 Rxd5 17. Qe2 Rfd8 18.
Be4 R5d7 19. Be3 Qe7 20. Bb6 Re8 21. Rad1 f5 22. Bxc6 bxc6 23. Qxa6 e4 24. Qc4+ Kh8 25. Bc5 Qd8 26. Qe2 Rd5 27. c4 Rd3 28. b3 Qd7 29. Rxd3 exd3 30. Qf3 d2 31. Be3 Qd3 32. Rd1 Bc3 33.
Qxc6 Rxe3 34. fxe3 Qxe3+ 35. Kf1 Qd3+ 36. Kg1 Qe3+ 37.
Kf1 Qe1+ 38. Rxe1 dxe1=Q# 0-1

[Event "Late-Titled-Tuesday-Blitz-May-07-2024"]
[Site "Chess.com"]
[Date "2024.05.07"]
[Round "11"]
[White "NMJeevanK"]
[Black "Alexei_Gubajdullin"]
[Result "1-0"]
[WhiteElo "2749"]
[BlackElo "2555"]
[TimeControl "180+1"]
[EndTime "16:05:39 PDT"]
[Termination "NMJeevanK won by resignation"]

1. e4 g6 2. d4 Bg7 3. Nc3 d6 4. Be3 Nf6 5. Be2 a6 6. Qd2 O-O 7. Bh6 Nc6 8. d5 Ne5 9. O-O-O c6 10. Bxg7 Kxg7 11. f4 Ned7 12. dxc6 bxc6 13. e5 Ne8 14. Nf3 d5 15. g4 Qc7 16. h4 f6 17. h5 g5 18. fxg5 fxe5 19. Nh4 Rf4 20. Nf5+ Kf8 21. g6 h6 22. Rhf1 Rb8 23. Nxh6 Qb6 24. Rxf4+ exf4 25. Qxf4+ Nef6 26. b3 Qc5 27. Kb2 e5 28. g7+ Kxg7 29. Qg5+ Kf8 30. Rf1 Qd6 31. Qg8+ Ke7 32. Qg7+ Kd8 33.
Nf7+ 1-0

[Event "Late-Titled-Tuesday-Blitz-May-07-2024"]
[Site "Chess.com"]
[Date "2024.05.07"]
[Round "11"]
[White "simaopdias"]
[Black "Fore_Man"]
[Result "0-1"]
[WhiteElo "2264"]
[BlackElo "2271"]
[TimeControl "180+1"]
[EndTime "16:05:46 PDT"]
[Termination "Fore_Man won by resignation"]

1. e4 e6 2. d4 d5 3. e5 c5 4. c3 Qa5 5. Nf3 cxd4 6. Qxd4 Nc6 7. Qg4 f6 8. Bf4 Nge7 9. Nbd2 Ng6 10.
Qh5 Qc7 11. Bd3 Qf7 12. exf6 Nxf4 13. Qxf7+ Kxf7 14. fxg7 Nxd3+ 15. Kf1 Bxg7 16. h4 Nxb2 17. Rb1 Bxc3 18. Nb3 b6 19. Ng5+ Ke7 20. Nc1 Ba6+ 21. Kg1 h6 22. Nf3 Ne5 23. Nh2 Nbd3 24. Ne2 Rhg8 25. Nxc3 Rac8 26. Nd1 Rc1 27. Rxc1 Nxc1 28.
a4 Ne2+ 29. Kf1 Ng3+ 0-1

[Event "Late-Titled-Tuesday-Blitz-May-07-2024"]
[Site "Chess.com"]
[Date "2024.05.07"]
[Round "11"]
[White "Slovafn"]
[Black "miraitrunks"]
[Result "1-0"]
[WhiteElo "2410"]
[BlackElo "2250"]
[TimeControl "180+1"]
[EndTime "16:05:50 PDT"]
[Termination "Slovafn won on time"]

1. Nf3 c5 2. c4 Nc6 3. g3 g6 4.
Bg2 Bg7 5. O-O d6 6. Nc3 e5 7. d3 Be6 8. Ng5 Nge7 9. Nxe6 fxe6 10.
Bh3 Nf5 11. Ne4 O-O 12. Bg5 Qd7 13. a3 h6 14. Bd2 Ncd4 15. b4 b6 16. Rb1 d5 17.
cxd5 exd5 18. Nc3 cxb4 19. axb4 Qd6 20. e3 Ne6 21. Qb3 Rad8 22. Ra1 Rf7 23. Ra2 Ng5 24. Bg2 d4 25. Nb5 Qf6 26. Bd5 dxe3 27. fxe3 1-0

[Event "Late-Titled-Tuesday-Blitz-May-07-2024"]
[Site "Chess.com"]
[Date "2024.05.07"]
[Round "11"]
[White "Airquake"]
[Black "sofaceindisguise"]
[Result "0-1"]
[WhiteElo "2849"]
[BlackElo "2754"]
[TimeControl "180+1"]
[EndTime "16:05:51 PDT"]
[Termination "sofaceindisguise won by resignation"]

1. e4 e5 2. Nf3 Nc6 3. Bb5 a6 4.
Ba4 Nf6 5. d3 b5 6. Bb3 Bc5 7. c3 d6 8. h3 O-O 9. O-O Bb6 10. Bg5 h6 11. Bh4 Be6 12. Nbd2 Nb8 13. d4 Bxb3 14. axb3 Nbd7 15. b4 Re8 16. dxe5 dxe5 17.
Qe2 c5 18. bxc5 Nxc5 19. Rfd1 Qd3 20. Kf1 Qxe2+ 21. Kxe2 Nfxe4 22. b4 Nxc3+ 23. Kf1 Nd3 24. Ra3 Nxd1 25. Rxd3 f6 26. Rb3 Rec8 27. Ne4 Rc2 28.
Ke1 Rd8 29. Nfd2 Nxf2 30. Bxf2 Bxf2+ 31. Kxf2 Rdxd2+ 32. Nxd2 Rxd2+ 33. Kf3 Rd4 34. Rc3 Rxb4 35. Rc8+ Kh7 36. Ra8 Rf4+ 37. Kg3 Ra4 38. h4 h5 39. Ra7 Kg6 40. Kh3 b4 41. g3 a5 42.
Rb7 Ra3 0-1

[Event "Late-Titled-Tuesday-Blitz-May-07-2024"]
[Site "Chess.com"]
[Date "2024.05.07"]
[Round "11"]
[White "katharinareinecke"]
[Black "lilylg"]
[Result "0-1"]
[WhiteElo "1929"]
[BlackElo "2210"]
[TimeControl "180+1"]
[EndTime "16:05:52 PDT"]
[Termination "lilylg won by resignation"]

1. e4 c6 2. Nf3 d5 3. d3 dxe4 4. dxe4 Qxd1+ 5. Kxd1 Bg4 6. Be2 Nd7 7. Ne1 Bxe2+ 8. Kxe2 e5 9. Nd3 Ngf6 10. f3 O-O-O 11.
Be3 Bd6 12. Nd2 b6 13. a4 Bc7 14. a5 Kb7 15. axb6 axb6 16. Nc4 Ra8 17. b3 h6 18. h4 Nh5 19. Kf2 b5 20. Nd2 Bb6 21.
Bxb6 Kxb6 22. g4 Nhf6 23. g5 Nh5 24. gxh6 gxh6 25. Rxa8 Rxa8 26. Nf1 Ra2 27. Ne3 Nf4 28. Rd1 Nxd3+ 29. Rxd3 Nc5 30. Rd6 Nxb3 31. Rxh6 Nd4 32. Rh7 Nxc2 33. Nxc2 Rxc2+ 34. Ke3 Rh2 35. h5 b4 36. f4 exf4+ 37. Kxf4 b3 38. Kg3 Rh1 39. Kg2 b2 40. Kxh1 b1=Q+ 41. Kg2 Qxe4+ 0-1

[Event "Late-Titled-Tuesday-Blitz-May-07-2024"]
[Site "Chess.com"]
[Date "2024.05.07"]
[Round "11"]
[White "Alex_Sahakyan2006"]
[Black "TanitoluwaAps116"]
[Result "1-0"]
[WhiteElo "2856"]
[BlackElo "2746"]
[TimeControl "180+1"]
[EndTime "16:05:56 PDT"]
[Termination "Alex_Sahakyan2006 won by resignation"]

1. e4 c5 2. Nf3 e6 3. b3 Nc6 4. Bb2 d5 5. Bb5 Nf6 6. exd5 exd5 7. O-O Bd6 8. Re1+ Be6 9. d4 O-O 10. dxc5 Bxc5 11. Bxc6 bxc6 12. Nc3 Ng4 13. Re2 Re8 14. Na4 Bd6 15. Qd4 f6 16. Rxe6 Rxe6 17. Qxg4 Re4 18. Qf5 g6 19. Qxf6 Qxf6 20. Bxf6 Rf8 21. Bb2 Re2 22.
Rc1 Bf4 23. Kf1 Re7 24. Re1 Ref7 25. Ba3 Rd8 26. Re7 Rf5 27. Nd4 Rf6 28. Ne6 1-0

[Event "Late-Titled-Tuesday-Blitz-May-07-2024"]
[Site "Chess.com"]
[Date "2024.05.07"]
[Round "11"]
[White "ChadBiryani"]
[Black "Karacsonyi_Gellert"]
[Result "1-0"]
[WhiteElo "2569"]
[BlackElo "2696"]
[TimeControl "180+1"]
[EndTime "16:05:59 PDT"]
[Termination "ChadBiryani won by checkmate"]

1. d4 f5 2. Nc3 d5 3. Bf4 Nf6 4. Nb5 Na6 5. e3 c6 6. Na3 Qb6 7. Rb1 e6 8. c3 Qa5 9. Qb3 Bxa3 10.
bxa3 O-O 11. f3 b5 12. Bd3 Bd7 13. Ne2 c5 14. Bxb5 c4 15. Qb2 Bxb5 16. Qxb5 Qxa3 17.
Kf2 Nb8 18. Bxb8 Raxb8 19. Qxb8 Rxb8 20. Rxb8+ Kf7 21. Rhb1 Qxa2 22. R1b2 Qa4 23. R2b7+ Kg6 24. Ra8 a5 25. Raa7 Ne8 26. Nf4+ Kh6 27. Nxe6 Qc2+ 28. Kg3 Qxc3 29. Nxg7 Nd6 30. Rb6 Qe1+ 31. Kh3 Qxe3 32.
Nxf5+ Kg5 33. Nxe3 c3 34. Rxd6 c2 35. Rxd5+ Kf4 36.
Nxc2 h5 37. Rf7# 1-0

[Event "Late-Titled-Tuesday-Blitz-May-07-2024"]
[Site "Chess.com"]
[Date "2024.05.07"]
[Round "11"]
[White "sergiochess83"]
[Black "MarkusRagger"]
[Result "1/2-1/2"]
[WhiteElo "2891"]
[BlackElo "2826"]
[TimeControl "180+1"]
[EndTime "16:06:04 PDT"]
[Termination "Game drawn by agreement"]

1. d4 Nf6 2. Bf4 g6 3. e3 Bg7 4. Nf3 O-O 5. h3 d6 6. Be2 c5 7. c3 Qb6 8. Qb3 Be6 9. Qxb6 axb6 10. Nbd2 Rxa2 11. Rxa2 Bxa2 12. O-O Be6 13. Ra1 Nc6 14. Bb5 Bd7 15. Nc4 Nxd4 16. Nxd4 cxd4 17. Bxd7 Nxd7 18. exd4 Rc8 19. Ne3 e5 20. Nd5 Bf8 21. Be3 Kg7 22.
Ra7 Rb8 23. dxe5 dxe5 24. Nxb6 Nxb6 25. Bxb6 Bd6 26. f3 Kf6 27. c4 Ke6 28. Kf2 Kd7 29. Ke2 Kc6 30. Be3 f5 31. Ra5 b6 32.
Ra7 Rb7 1/2-1/2

[Event "Late-Titled-Tuesday-Blitz-May-07-2024"]
[Site "Chess.com"]
[Date "2024.05.07"]
[Round "11"]
[White "Assumpcaos"]
[Black "GrotBchess"]
[Result "0-1"]
[WhiteElo "2240"]
[BlackElo "2529"]
[TimeControl "180+1"]
[EndTime "16:06:04 PDT"]
[Termination "GrotBchess won by checkmate"]

1. d4 Nf6 2. c4 e6 3. Nc3 Bb4 4. e3 Ne4 5. Ne2 b6 6. Bd2 Nxd2 7. Qxd2 Bb7 8. a3 Be7 9. Nf4 d6 10. Be2 Nd7 11. O-O Bg5 12. Rae1 Bxf4 13. exf4 O-O 14.
Bd3 a5 15. f5 exf5 16. Bxf5 Nf6 17. d5 Ba6 18. b3 a4 19. Nxa4 b5 20. Nb2 bxc4 21.
bxc4 Bc8 22. Bxc8 Qxc8 23. Qc3 Qf5 24. Re3 Rfb8 25. Nd3 h6 26. Nb4 Ra4 27. Rf3 Qg5 28.
Rg3 Qf5 29. Nc6 Re8 30. Re1 Qd7 31. Rxe8+ Qxe8 32. Re3 Qa8 33. h3 Qa6 34. Rg3 Kh8 35.
Nb4 Qc8 36. Re3 Ra8 37. c5 Qf5 38. cxd6 cxd6 39. Qc6 Rc8 40. Qxd6 Rc1+ 41. Kh2 Qxf2 42. Qg3 Qg1# 0-1